 Dungeon Crawl Stone Soup version 0.27.1-34-g3ba077fa99 (webtiles) character file.

Game seed: 3870135366238415436

1656 McKennaii the Destroyer (level 8, 0/57 HPs)
             Began as a Demigod Conjurer on Jan 17, 2022.
             Asphyxiated
             ... on level 6 of the Dungeon.
             The game lasted 00:09:01 (6676 turns).

McKennaii the Destroyer (Demigod Conjurer)          Turns: 6676, Time: 00:09:02

Health: 0/57       AC:  9    Str:  8    XL:     8   Next: 41%
Magic:  25/29      EV: 12    Int: 28    God:
Gold:   142        SH:  0    Dex: 12    Spells: 12/19 levels left

rFire    . . .     SeeInvis +   r - +1 flail "Ovidyomm" {drain, SInv}
rCold    . . .     Faith    .   (no shield)
rNeg     + . .     Spirit   .   u - +2 robe {rN+}
rPois    .         Reflect  .   h - +2 helmet
rElec    .         Harm     .   q - +0 cloak
rCorr    .         Rampage  .   a - +0 pair of gloves
Will     .....                  (no boots)
Stlth    ++........             (no amulet)
HPRegen  0.19/turn              c - ring of wizardry
MPRegen  0.21/turn              i - ring of magical power

@: brilliant, lethally poisoned (0 -> -21), flying, slowed, very slow
A: high mp 1, forlorn
a: no special abilities


You were on level 6 of the Dungeon.
You visited 1 branch of the dungeon, and saw 6 of its levels.

You collected 225 gold pieces.
You spent 83 gold pieces at shops.

Inventory:

Hand Weapons
 r - the +1 flail "Ovidyomm" (weapon) {drain, SInv}
   (You found it on level 4 of the Dungeon)

   A truly terrible weapon, it drains the life of any living foe it strikes.
   SInv:      It lets you see invisible.
Armour
 a - a +0 pair of gloves (worn)
 h - a +2 helmet (worn)
 q - a +0 cloak (worn)
 u - a +2 robe of positive energy (worn)
Jewellery
 c - a ring of wizardry (left hand)
 d - a ring of flight
 i - a ring of magical power (right hand)
Scrolls
 b - 2 scrolls of enchant weapon {unknown}
 e - a scroll of fog {unknown}
 f - a scroll of blinking {unknown}
 g - 2 scrolls of silence {unknown}
 j - 8 scrolls of identify {unknown}
 k - 2 scrolls of noise {unknown}
 m - 2 scrolls of amnesia {unknown}
 n - 5 scrolls of teleportation {unknown}
 o - a scroll of magic mapping {unknown}
 p - a scroll of vulnerability {unknown}
 v - a scroll of acquirement {unknown}
Potions
 l - 4 potions of flight


   Skills:
 - Level 1.7 Dodging
 - Level 1.7 Stealth
 - Level 6.0 Spellcasting
 + Level 8.5 Conjurations
 - Level 2.0 Translocations


You had 12 spell levels left.
You knew the following spells:

 Your Spells              Type           Power      Damage    Failure   Level
a - Magic Dart            Conj           100%       1d8       1%          1
b - Searing Ray           Conj           100%       3d7       1%          2
c - Iskenderun's Mystic   Conj/Tloc      54%        2d12      2%          4

Your spell library contained the following spells:

 Spells                   Type           Power      Damage    Failure   Level
 Dazzling Flash           Conj/Hex       96%        N/A       1%          3
 Gell's Gravitas          Tloc           14%        N/A       3%          3
 Teleport Other           Tloc           29%        N/A       3%          3
 Fulminant Prism          Conj/Hex       24%        3d13      4%          4
 Inner Flame              Hex/Fire       12%        N/A       8%          3
 Cause Fear               Hex            6%         N/A       24%         4
 Dispersal                Tloc           14%        N/A       82%         6
 Discord                  Hex            6%         N/A       100%        8


Dungeon Overview and Level Annotations

Branches:
Dungeon (6/15)             Temple (0/1) D:5

Shops:
D:3 *


Innate Abilities, Weirdness & Mutations

Your attributes grow dramatically as you level up.
You have an increased reservoir of magic. (+10% MP)
You shall have no god before yourself.


Message History

You fly up into the air.
You feel very sick.
The kobold throws a stone.
The stone closely misses you.
The kobold brigand throws a curare-tipped dart.
The curare-tipped dart barely misses you.
The kobold throws a stone.
The stone completely misses you.
The kobold brigand throws a curare-tipped dart.
The curare-tipped dart hits you.
You are more poisoned.
You have difficulty breathing.
* * * LOW HITPOINT WARNING * * *
You feel as though you will be slow longer.
It was a potion of curing.
You feel better.
The kobold throws a stone.
The stone hits you but does no damage.
Unknown command.
Unknown command.
Casting: Magic Dart (safe; 1% risk of failure)
Confirm with . or Enter, or press ? or * to list all spells.
You erupt in a blast of force!
The mystic blast hits the kobold!
You kill the kobold!
The mystic blast hits the kobold!
You kill the kobold!
You hear a shout! x2; You hear an angry hiss.
The kobold brigand throws a curare-tipped dart.
The curare-tipped dart barely misses you.
The kobold brigand throws a curare-tipped dart.
The curare-tipped dart hits you.
You are poisoned.
You have difficulty breathing.
* * * LOW HITPOINT WARNING * * *
You feel as though you will be slow longer.
It was a potion of brilliance.
You feel clever all of a sudden.
* * * LOW HITPOINT WARNING * * *
You feel very sick.
The kobold brigand throws a curare-tipped dart.
The curare-tipped dart hits you.
You are more poisoned.
You have difficulty breathing.
You die...

... #.. ....#............
....##.... ....#............
.......#.. #.............###
.K....K#.####.#.#.#.....†...#
..)...K.........#.##.........
.......#.....................
.............................
.......#.....................
#......))@................
#...................######
###.................#
###########.......# #########


You could see a kobold brigand and a kobold.

Vanquished Creatures
  Pikel (D:6)
  Sigmund (D:5)
  3 ogres
  4 lemures (D:6)
  A scorpion (D:5)
  A jelly (D:4)
  3 orc priests
  Crazy Yiuf (D:2)
  2 hounds
  A bullfrog skeleton (D:5)
  A gnoll shaman (D:5)
  Jessica (D:2)
  2 iguanas (D:5)
  Terence (D:2)
  Natasha (twice) (D:3)
  Robin (D:2)
  6 gnolls
  8 adders
  A white imp (D:5)
  2 ufetubi (D:5)
  3 worms
  4 dart slugs
  8 orcs
  7 endoplasms
  3 giant cockroaches
  11 hobgoblins
  6 jackals
  8 kobolds
  A quokka (D:2)
  5 ball pythons
  6 bats
  2 frilled lizards (D:1)
  17 goblins
  2 rats
126 creatures vanquished.

Notes
Turn   | Place    | Note
-------+----------+-------------------------------------------
     0 | D:1      | McKennaii the Demigod Conjurer began the quest for the Orb.
     0 | D:1      | Reached XP level 1. HP: 14/14 MP: 5/5
   504 | D:1      | Reached XP level 2. HP: 20/20 MP: 6/8
   581 | D:1      | Learned a level 2 spell: Searing Ray
  1190 | D:2      | Reached XP level 3. HP: 16/26 MP: 6/10
  1540 | D:2      | Noticed Robin
  1552 | D:2      | Killed Robin
  2179 | D:2      | Reached XP level 4. HP: 33/33 MP: 12/12
  2186 | D:2      | Learned a level 4 spell: Iskenderun's Mystic Blast
  2260 | D:2      | Noticed Terence
  2280 | D:2      | Killed Terence
  2443 | D:2      | Noticed Jessica
  2447 | D:2      | Killed Jessica
  2613 | D:2      | Found a runed translucent door.
  2614 | D:2      | Noticed Crazy Yiuf
  3209 | D:3      | Noticed Natasha
  3216 | D:3      | Killed Natasha
  3217 | D:3      | Reached XP level 5. HP: 24/38 MP: 15/15
  3377 | D:3      | Reached skill level 5 in Spellcasting
  3612 | D:3      | Found Leovaes's Assorted Antiques.
  3615 | D:3      | Bought a scroll labelled JAYV KUTOPPEJA for 17 gold pieces
  3615 | D:3      | Bought a scroll labelled ALIF LIANNU for 17 gold pieces
  3615 | D:3      | Bought a white potion for 15 gold pieces
  3615 | D:3      | Bought a scroll labelled TAETHE AMIG for 17 gold pieces
  3615 | D:3      | Bought a scroll labelled ATESSE HAAGI for 17 gold pieces
  3641 | D:3      | Noticed an air elemental
  3644 | D:3      | Noticed a water elemental
  3644 | D:3      | Noticed a fire elemental
  3658 | D:3      | Noticed Natasha
  3662 | D:3      | Killed Natasha
  4237 | D:2      | Killed Crazy Yiuf
  4356 | D:4      | Reached XP level 6. HP: 40/45 MP: 17/17
  4523 | D:4      | Identified the +1 flail "Ovidyomm" {drain, SInv}
  4803 | D:4      | Reached skill level 4 in Conjurations
  4803 | D:4      | Reached skill level 1 in Translocations
  5241 | D:5      | Entered Level 5 of the Dungeon
  5311 | D:5      | Reached XP level 7. HP: 50/50 MP: 18/19
  5645 | D:5      | Reached skill level 5 in Conjurations
  5754 | D:5      | Noticed Sigmund
  5757 | D:5      | Killed Sigmund
  5758 | D:5      | Reached skill level 6 in Conjurations
  5890 | D:5      | Found a staircase to the Ecumenical Temple.
  6412 | D:6      | Noticed Pikel
  6441 | D:6      | Killed Pikel
  6442 | D:6      | Reached skill level 8 in Conjurations
  6442 | D:6      | Reached XP level 8. HP: 57/57 MP: 0/20
  6592 | D:6      | Identified the -5 helmet of Hubris {rCorr}
  6676 | D:6      | Asphyxiated

Illustrated notes

Levels and vault maps discovered:
D:1:      grunt_arrival_crossed_arrows, layout_basic
D:2:      minmay_alternating_diamond, layout_loops_ring, basic_altar,
          uniq_robin, uniq_terence, uniq_jessica, uniq_crazy_yiuf_cottage
D:3:      layout_loops_ring, nicolae_qazlal_style_of_elements,
          nicolae_elyvilon_temple_path, nicolae_ru_path_of_blood, serial_shops,
          nicolae_shop_behind_doors, uniq_natasha
D:4:      layout_basic, mainiacjoe_overflow_six_doors_small, grunt_ministairs_2,
          minmay_surrounded
D:5:      layout_basic, minmay_temple_entry_offerings, uniq_sigmund
D:6:      layout_basic, portal_sewer_entry_b, uniq_duvessa, uniq_pikel

Skill      XL: |  1  2  3  4  5  6  7 |
---------------+----------------------+-----
Spellcasting   | 2 3 4 5 6 |  6.0
Conjurations   | 4 8 |  8.5
Translocations | 2 |  2.0
Dodging        | |  1.7
Stealth        | |  1.7

Action                   |  1- 3 |  4- 6 |  7- 9 || total
-------------------------+-------+-------+-------++-------
Melee: Unarmed           |     8 |       |       ||     8
       Flail             |       |       |     1 ||     1
 Cast: Magic Dart        |    87 |   122 |    45 ||   254
       Searing Ray       |     1 |    12 |    12 ||    25
       Iskenderun's Myst |       |     2 |     5 ||     7
  Use: Potion            |       |       |     3 ||     3
Armor: Robe              |     5 |     2 |     4 ||    11
Dodge: Dodged            |    19 |    16 |    15 ||    50
